 Seeded DCSS version 0.29.1-1-gd02db6906a (webtiles) character file.

Game seed: 1 (custom seed)

68215 Kazon the Fighter (level 15, -2/83 HPs)
             Began as a Vine Stalker Fighter on Oct 18, 2022.
             Was a High Priest of Makhleb.
             Slain by a spriggan defender simulacrum (4 damage)
             ... on level 14 of the Dungeon on Oct 19, 2022.
             The game lasted 01:47:47 (15650 turns).

Kazon the Fighter (Vine Stalker Fighter)           Turns: 15650, Time: 01:47:49

Health: -2/83      AC: 11    Str: 22    XL:     15   Next: 25%
Magic:  0/22       EV: 16    Int: 10    God:    Makhleb [*****.]
Gold:   659        SH:  9    Dex: 25    Spells: 14/14 levels left

rFire   + + +      SeeInvis .   a - +2 Maxwell's thermic engine {flame, freeze}
rCold   + + .      Faith    .   c - +2 buckler
rNeg    . . .      Spirit   +   T - +0 troll leather armour
rPois   +          Reflect  .   l - +0 helmet
rElec   .          Harm     .   S - scarf {rC+ rF+}
rCorr   .          Rampage  .   Z - +1 pair of gloves {Dex+3}
Will    +....                   n - +2 pair of boots
Stlth   +++++.....              f - amulet "Odemouw" {Contam rPois rF+++ Regen+ Stlth+}
HPRegen 2.63/turn               X - +6 ring of dexterity
MPRegen 0.18/turn               b - ring of protection from cold

@: about to teleport
A: fangs 3, regeneration 1, magic shield, antimagic bite, no potion heal 2
a: Renounce Religion, Minor Destruction, Lesser Servant of Makhleb, Major
Destruction, Greater Servant of Makhleb


You were on level 14 of the Dungeon.
You worshipped Makhleb.
Makhleb was extremely pleased with you.
You visited 3 branches of the dungeon, and saw 20 of its levels.

You collected 1619 gold pieces.
You spent 960 gold pieces at shops.

Inventory:

Hand Weapons
 a - the +2 Maxwell's thermic engine (weapon) {flame, freeze}
   (You found it on level 1 of the Lair of Beasts)

   It burns those it strikes, dealing additional fire damage.
   Big, fiery blades are also staple armaments of hydra-hunters.
   It freezes those it strikes, dealing additional cold damage.
   It can also slow down cold-blooded creatures.
   It becomes more effective when it hits something.
   This effect fades over time.
 e - a +2 rapier of speed
 s - the +3 falchion of Winter {venom, rCorr}
   (You bought it in a shop on level 3 of the Dungeon)

   It poisons the flesh of those it strikes.
   rCorr:     It protects you from acid and corrosion.
Missiles
 k - 36 stones (quivered)
 r - 29 boomerangs
 D - 6 curare-tipped darts
 J - 44 poisoned darts
 W - 5 datura-tipped darts
Armour
 c - a +2 buckler (worn)
 l - a +0 helmet (worn)
 n - a +2 pair of boots (worn)
 C - a +3 leather armour of cold resistance
 S - a scarf of resistance (worn)
 T - a +0 troll leather armour (worn)
 Z - a +1 pair of gloves of dexterity (worn)
Jewellery
 b - a ring of protection from cold (right hand)
 f - the amulet "Odemouw" (around neck) {Contam rPois rF+++ Regen+ Stlth+}
   (You bought it in a shop on level 8 of the Dungeon)

   [amulet of regeneration]

   rF:        It renders you almost immune to fire.
   rPois:     It protects you from poison.
   Contam:    It causes magical contamination when unequipped.
   Regen:     It increases your rate of health regeneration.
   Stlth:     It makes you more stealthy.
 X - a +6 ring of dexterity (left hand)
Wands
 A - a wand of flame (47)
 F - a wand of mindburst (32)
 K - a wand of paralysis (24)
 L - a wand of roots (11)
 R - a wand of polymorph (11)
Scrolls
 i - 4 scrolls of teleportation
 j - a scroll of silence {unknown}
 o - 2 scrolls of immolation {unknown}
 q - 3 scrolls of fog
 u - a scroll of magic mapping {unknown}
 v - 2 scrolls of noise {unknown}
 y - 3 scrolls of poison {unknown}
 B - 2 scrolls of fear
 M - 2 scrolls of summoning
 O - 2 scrolls of amnesia {unknown}
 Q - 2 scrolls of identify
 V - a scroll of enchant armour
Potions
 d - 3 potions of might
 g - 4 potions of haste
 h - 3 potions of flight
 m - 3 potions of berserk rage
 x - 9 potions of lignification
 E - 3 potions of cancellation
 G - 3 potions of magic
 H - 7 potions of curing
 U - a potion of invisibility
 Y - 2 potions of mutation
Miscellaneous
 z - a lightning rod (4/4)
 N - a condenser vane
 P - a phantom mirror


   Skills:
 * Level 11.4 Fighting
 + Level 8.6(11.0) Short Blades
 + Level 10.8(12.0) Long Blades
 + Level 3.6 Ranged Weapons
 + Level 5.0 Throwing
 + Level 6.1 Armour
 + Level 6.0 Dodging
 + Level 8.1 Stealth
 + Level 6.7 Shields
 + Level 8.3 Invocations
 * Level 8.4 Evocations


You had 14 spell levels left.
You didn't know any spells.
Your spell library contained the following spells:

 Spells                   Type           Power      Damage    Failure   Level
 Apportation              Tloc           0%         N/A       50%         1
 Magic Dart               Conj           0%         1d3       50%         1
 Necrotise                Necr           0%         1d4       50%         1
 Sting                    Tmut/Pois      0%         1d3       50%         1
 Summon Small Mammal      Summ           0%         N/A       50%         1
 Call Imp                 Summ           0%         N/A       63%         2
 Poisonous Vapours        Pois/Air       0%         N/A       63%         2
 Mephitic Cloud           Conj/Pois/Air  0%         N/A       86%         3
 Ozocubu's Armour         Ice            0%         N/A       86%         3
 Animate Armour           Summ/Erth      0%         N/A       99%         4
 Olgreb's Toxic Radiance  Pois           0%         N/A       99%         4
 Blade Hands              Tmut           0%         N/A       100%        5
 Fireball                 Conj/Fire      0%         3d3       100%        5
 Iskenderun's Battlesphe  Conj           0%         2d6       100%        5
 Metabolic Englaciation   Hex/Ice        0%         N/A       100%        5
 Conjure Ball Lightning   Conj/Air       0%         3x3d6     100%        6
 Iron Shot                Conj/Erth      0%         9d1       100%        6
 Simulacrum               Ice/Necr       0%         N/A       100%        6
 Orb of Destruction       Conj           0%         9d5       100%        7
 Ozocubu's Refrigeration  Ice            0%         4d7       100%        7


Dungeon Overview and Level Annotations

Branches:
Dungeon (14/15)            Temple (1/1) D:7            Lair (5/5) D:10
 Shoals (0/4) Lair:3       Spider (0/4) Lair:3        Slime (0/5) Lair:4
    Orc (0/2) D:12         Vaults (0/5) D:13

Altars:
Ashenzari
Elyvilon
Gozag
Hepliaklqana
Kikubaaqudgha
Makhleb
Okawaru
Qazlal
Uskayaw
Jiyva

Shops:
D:3 (   D:8 ?(==   D:10 :   D:13 !

Portals:
Ice
Cave: D:14

Annotations:
D:14 3 runed translucent doors, Foerhozi's ghost, journeyman DgAr


Innate Abilities, Weirdness & Mutations

You have razor-sharp teeth.
Your natural rate of healing is unusually fast.
When hurt, damage is shared between your health and your magic reserves.
Your bite disrupts and absorbs the magic of your enemies.
Potions cannot restore your health.


Message History

The spriggan defender simulacrum freezes you!
You resist.
* * * LOW HITPOINT WARNING * * *
The spriggan defender simulacrum barely misses you.
A demon appears!
The deep troll simulacrum misses your ynoxinul.
The deep troll simulacrum closely misses your ynoxinul.
The deep troll simulacrum claws your ynoxinul.
The deep troll simulacrum freezes your ynoxinul!
Your ynoxinul resists.
The spriggan defender simulacrum hits you!
* * * LOW HITPOINT WARNING * * *
The spriggan defender simulacrum freezes you!
You resist.
* * * LOW HITPOINT WARNING * * *
Magic courses through your body.
The spriggan defender simulacrum hits you.
The spriggan defender simulacrum freezes you.
You resist.
* * * LOW HITPOINT WARNING * * *
The deep troll simulacrum bites your ynoxinul.
The deep troll simulacrum freezes your ynoxinul!
Your ynoxinul resists.
The deep troll simulacrum claws your ynoxinul!
Your ynoxinul dies!
Your ynoxinul disappears in a puff of smoke!
Okay, then.
The spriggan defender simulacrum hits you.
* * * LOW HITPOINT WARNING * * *
The spriggan defender simulacrum freezes you!
You resist.
* * * LOW HITPOINT WARNING * * *
Unknown command.
As you read the scroll of teleportation, it crumbles to dust.
You feel strangely unstable.
The spriggan defender simulacrum hits you.
* * * LOW HITPOINT WARNING * * *
The spriggan defender simulacrum freezes you!
You resist.
You die...

. #....#.##....#
#......##.#...#
.........#.#..# .#
.........##..# .#
.........#.# .#
.).........###.###
..#..#..)##.....#
#.##.####Z...<# #
#...@ZZZ>...#
#...#####.....#
#.#. #.....#
...##....°Z....#
### #.....Z##.##
##..∩... .#
#.....# # #......
######.


You could see a spriggan defender simulacrum, a minotaur simulacrum and 2 deep
troll simulacra.

Vanquished Creatures
  Rupert (D:12)
  Nessos (D:12)
  Azrael (D:13)
  A fire dragon (D:13)
  2 hydras (D:13)
  Erolcha (D:10)
  3 catoblepae
  2 boulder beetles (D:14)
  A vault guard (D:13)
  3 centaur warriors (D:13)
  3 two-headed ogres
  10 death yaks
  2 skeletal warriors (D:13)
  A fire crab (D:13)
  Lodul (D:12)
  2 spriggan simulacra (D:14)
  A wizard (D:14)
  3 cyclopes
  A deep elf pyromancer (D:13)
  2 ugly things
  5 elephants (Lair:4)
  4 manticores
  4 black mambas
  11 cane toads
  Maggie (D:6)
  4 rime drakes
  2 unseen horrors
  4 kobold demonologists (D:11)
  15 komodo dragons
  A tengu conjurer (D:12)
  An efreet (D:14)
  4 trolls
  Prince Ribbit (D:9)
  A meliai (shapeshifter) (D:13)
  A polar bear (Lair:4)
  17 blink frogs
  5 dream sheep (Lair:4)
  A snapping turtle (Lair:3)
  2 shadows
  2 vampires
  63 yaks
  2 wraiths (D:12)
  2 fire elementals (D:13)
  5 wyverns
  Eustachio (D:5)
  4 vampire mosquitoes (D:13)
  2 steam dragons
  3 basilisks
  2 minotaur simulacra (D:14)
  Menkaure (D:5)
  Edmund (D:6)
  2 acid dragons
  16 water moccasins
  2 hell hounds (D:13)
  4 sky beasts
  5 orc warriors
  An ice beast (D:8)
  2 black bears (D:6)
  5 centaurs
  7 ogres
  A wolf (D:10)
  2 phantoms (D:6)
  3 kobold brigands
  3 necrophages
  5 bullfrogs
  A gnoll sergeant (D:7)
  10 scorpions
  21 wights
  3 killer bees (D:10)
  3 electric eels
  A howler monkey (D:5)
  2 jellies (D:6)
  6 hounds
  7 orc priests
  A gnoll bouda (D:7)
  6 iguanas
  3 orc wizards
  4 hell rats
  Robin (D:3)
  14 gnolls
  13 adders
  3 shadow imps
  2 white imps (D:7)
  An ufetubus (D:5)
  4 worms
  36 orcs
  11 endoplasms
  3 giant cockroaches
  16 goblins
  9 hobgoblins
  A jackal (D:4)
  27 kobolds
  A quokka (D:1)
  5 ball pythons
  4 bats
  3 frilled lizards
  6 rats
500 creatures vanquished.

Vanquished Creatures (collateral kills)
  Fannar (Lair:2)
  A catoblepas (Lair:5)
  2 skeletal warriors (D:13)
  A black mamba (Lair:1)
  A basilisk (Lair:5)
  A bullfrog (Lair:1)
7 creatures vanquished.

Vanquished Creatures (others)
  A centaur simulacrum (D:14)
  A sky beast (D:5)
  An orc wizard (D:10)
  An orc (D:9)
  28 fungi
  40 plants
72 creatures vanquished.

Grand Total: 579 creatures vanquished

Notes
Turn   | Place    | Note
-------+----------+-------------------------------------------
     0 | D:1      | Kazon the Vine Stalker Fighter began the quest for the Orb.
     0 | D:1      | Reached XP level 1. HP: 11/11 MP: 2/2
    38 | D:1      | Identified a scroll of acquirement
    38 | D:1      | Acquired the ring "Moisuan" {Fire rN++}
   133 | D:1      | Reached XP level 2. HP: 14/16 MP: 3/3
   797 | D:2      | Reached XP level 3. HP: 19/19 MP: 4/4
  1192 | D:2      | Gained mutation: Your natural rate of healing is unusually
                  | fast. [Vine Stalker growth]
  1192 | D:2      | Reached XP level 4. HP: 23/23 MP: 5/5
  1214 | D:2      | Reached skill level 1 in Throwing
  1222 | D:2      | Reached skill level 3 in Fighting
  1538 | D:3      | Reached XP level 5. HP: 15/28 MP: 4/6
  1731 | D:3      | Found Umat's Antique Weapon Boutique.
  1750 | D:3      | Bought a crude falchion for 184 gold pieces
  1750 | D:3      | Identified the +3 falchion of Winter {venom, rCorr} (You
                  | bought it in a shop on level 3 of the Dungeon)
  1821 | D:3      | Noticed Robin
  1834 | D:3      | Killed Robin
  2022 | D:4      | Reached XP level 6. HP: 14/32 MP: 5/7
  2215 | D:4      | Reached skill level 1 in Dodging
  2573 | D:4      | Reached skill level 6 in Fighting
  2573 | D:4      | Reached skill level 5 in Long Blades
  2573 | D:4      | Reached XP level 7. HP: 41/41 MP: 8/8
  2616 | D:4      | Found a hazy altar of Hepliaklqana.
  2910 | D:5      | Entered Level 5 of the Dungeon
  2921 | D:5      | Gained mutation: You have razor-sharp teeth. [Vine Stalker
                  | growth]
  2921 | D:5      | Reached XP level 8. HP: 35/45 MP: 7/9
  2930 | D:5      | Noticed Menkaure
  2941 | D:5      | Killed Menkaure
  3349 | D:5      | Noticed Eustachio
  3367 | D:5      | Killed Eustachio
  3368 | D:5      | Reached skill level 5 in Armour
  3382 | D:5      | Reached XP level 9. HP: 21/49 MP: 7/10
  3961 | D:6      | Noticed Maggie
  3973 | D:6      | Killed Maggie
  4040 | D:6      | Reached skill level 1 in Evocations
  4237 | D:6      | Noticed Edmund
  4247 | D:6      | Killed Edmund
  4255 | D:6      | Reached skill level 5 in Stealth
  4262 | D:6      | Reached skill level 7 in Fighting
  4330 | D:6      | Reached skill level 5 in Shields
  4462 | D:6      | Reached XP level 10. HP: 55/55 MP: 11/11
  4847 | D:7      | Found a hide-covered altar of Uskayaw.
  4919 | D:7      | Found a staircase to the Ecumenical Temple.
  4929 | Temple   | Entered the Ecumenical Temple
  4935 | Temple   | Became a worshipper of Makhleb the Destroyer
  5109 | D:7      | Found a white marble altar of Elyvilon.
  5527 | D:8      | Reached * piety under Makhleb
  5606 | D:8      | Found Esumer's Weapon Shop.
  5634 | D:8      | Reached skill level 5 in Short Blades
  5634 | D:8      | Reached skill level 1 in Invocations
  5764 | D:8      | Found Heidghoki's Jewellery Shop.
  6022 | D:8      | Found Quzidd's Magic Scroll Emporium.
  6027 | D:8      | Bought a scroll of teleportation for 42 gold pieces
  6238 | D:8      | Found Zoxtaeshakh's Jewellery Boutique.
  6763 | D:9      | Noticed Prince Ribbit
  6776 | D:9      | Killed Prince Ribbit
  6967 | D:9      | Noticed a two-headed ogre
  6986 | D:9      | Killed a two-headed ogre
  6987 | D:9      | Reached XP level 11. HP: 40/58 MP: 13/13
  7076 | D:9      | Reached ** piety under Makhleb
  7182 | D:10     | Entered Level 10 of the Dungeon
  7329 | D:10     | Found Juagoaq's Book Shoppe.
  7421 | D:10     | Found a staircase to the Lair.
  7482 | D:10     | Identified the +5 long sword of the Land of Plenty {drain,
                  | Dex+3}
  7489 | D:10     | Noticed Erolcha
  7513 | D:10     | Killed Erolcha
  8158 | D:10     | Reached skill level 8 in Fighting
  8486 | D:11     | Noticed a green ugly thing
  8497 | D:11     | Killed a green ugly thing
  8539 | D:11     | Reached *** piety under Makhleb
  8761 | D:11     | Reached XP level 12. HP: 65/65 MP: 15/15
  9252 | Lair:1   | Entered Level 1 of the Lair of Beasts
  9480 | Lair:1   | Reached skill level 5 in Evocations
  9671 | Lair:1   | Found the +2 Maxwell's thermic engine {flame, freeze}
  9890 | Lair:2   | Reached skill level 5 in Invocations
 10126 | Lair:2   | Reached skill level 9 in Fighting
 10388 | Lair:2   | Noticed a catoblepas
 10391 | Lair:2   | Noticed Fannar
 10403 | Lair:2   | Killed a catoblepas
 10410 | Lair:2   | Killed Fannar
 10708 | Lair:3   | Noticed a death yak
 10708 | Lair:3   | Noticed a death yak
 10710 | Lair:3   | Reached skill level 5 in Dodging
 10808 | Lair:3   | Reached **** piety under Makhleb
 10809 | Lair:3   | Reached XP level 13. HP: 67/70 MP: 18/18
 10899 | Lair:3   | Found a staircase to the Shoals.
 11047 | Lair:3   | Found an ancient bone altar of Kikubaaqudgha.
 11257 | Lair:3   | Found a hole to the Spider Nest.
 11531 | Lair:4   | Found a viscous altar of Jiyva.
 11531 | Lair:4   | Found a staircase to the Slime Pits.
 11888 | Lair:4   | Identified the +3 battleaxe "Adididghufym" {antimagic, rF+
                  | Will+}
 11950 | Lair:4   | Reached ***** piety under Makhleb
 12167 | Lair:5   | Entered Level 5 of the Lair of Beasts
 12265 | Lair:5   | Reached skill level 10 in Fighting
 12684 | Lair:5   | Reached XP level 14. HP: 77/77 MP: 20/20
 13740 | D:8      | Bought the amulet "Odemouw" {Contam rPois rF+++ Regen+
                  | Stlth+} for 734 gold pieces
 13930 | D:12     | Found a staircase to the Orcish Mines.
 13975 | D:12     | Noticed Nessos
 13984 | D:12     | Killed Nessos
 14036 | D:12     | Reached skill level 5 in Throwing
 14095 | D:12     | Reached skill level 10 in Long Blades
 14216 | D:12     | Noticed Rupert
 14218 | D:12     | Killed Rupert
 14555 | D:12     | Noticed Lodul
 14569 | D:12     | Killed Lodul
 14629 | D:13     | Noticed Azrael
 14671 | D:13     | Killed Azrael
 14778 | D:13     | Found Ituota Roil's Distillery.
 14937 | D:13     | Reached skill level 11 in Fighting
 14958 | D:13     | Found a gate to the Vaults.
 15086 | D:13     | Reached XP level 15. HP: 82/82 MP: 22/22
 15430 | D:14     | Found a runed translucent gate.
 15430 | D:14     | Found a runed translucent gate.
 15432 | D:14     | Found a runed translucent gate.
 15440 | D:14     | Noticed Foerhozi's ghost (journeyman DgAr)
 15570 | D:14     | Identified the +6 scale mail "Voetobuo" {Int-3 Dex+8}
 15598 | D:14     | Found a frozen archway.
 15647 | D:14     | HP: 1/83 [spriggan defender simulacrum (5)]
 15650 | D:14     | Slain by a spriggan defender simulacrum

Illustrated notes

Levels and vault maps discovered:
D:1:      dpeg_arrival_three_smaller_balls, layout_basic
D:2:      layout_loops_ring
D:3:      layout_basic, serial_shops, nicolae_shop_stone, st_stairs_9,
          minmay_misc_feat_doors, eino_curves_03, uniq_robin
D:4:      minmay_wonky_spiral, layout_basic,
          mainiacjoe_overflow_surrounded_room, minivault_5
D:5:      layout_cave_pods, uniq_menkaure, uniq_eustachio
D:6:      cheibrodos_barr_body, layout_basic, minmay_crystal_room,
          minmay_pentangle, uniq_maggie, uniq_edmund
D:7:      layout_cave_pools, nicolae_uskayaw_murder_on_the_dancefloor,
          elyvilon_altar_4, minmay_temple_entry_purple_smoke
D:8:      layout_basic, serial_shops, shop_statue, kennysheep_little_box, shop,
          nicolae_shop_window_shopping
D:9:      layout_cave_pools, uniq_prince_ribbit1
D:10:     layout_stronghold, erik_lair_island, serial_shops,
          nicolae_shop_statue_plus, uniq_erolcha
D:11:     layout_roguey
D:12:     layout_loops_ring, orc_0_dummy, chequers_serial_rivers_marsh,
          uniq_lodul, uniq_nessos, uniq_rupert
D:13:     layout_gridville, david_vaults_5, serial_shops,
          nicolae_shop_behind_doors, minmay_fractal_squares_gapless_5,
          uniq_azrael
D:14:     layout_roguey, minmay_misc_feat_secret_circle, gammafunk_ghost_split,
          portal_ice_cave_entry_ice_simulacra, uniq_snorg
Temple:   nicolae_temple_bog_church
Lair:1:   layout_long_grid, fungi_pond_lemuel, cheibrodos_lair_reptile_den
Lair:2:   layout_gridlike, uniq_fannar
Lair:3:   layout_roguey, minmay_shoals_entry_hut,
          nicolae_spider_entry_non_spiders, basic_altar, serial_bayou_crossing
Lair:4:   layout_gridlike, slime_entry_1, serial_rivers,
          chequers_serial_rivers_room_a, chequers_serial_rivers_micro_c,
          chequers_serial_rivers_room_a, chequers_serial_rivers_micro_e,
          minivault_27, grunt_megastairs_3, infiniplex_staircase_pool_2
Lair:5:   evilmike_catoblepas_cave, layout_long_grid

Skill      XL: |  1  2  3  4  5  6  7  8  9 10 11 12 13 14 15 |
---------------+----------------------------------------------+-----
Long Blades    | 2 3 5 6 7 9 10 | 10.8
Shields        | 3 4 5 6 |  6.7
Throwing       | 1 3 4 5 |  5.0
Fighting       | 3 6 7 8 9 10 11 | 11.4
Armour         | 3 4 5 6 |  6.1
Dodging        | 3 4 5 6 |  6.0
Short Blades   | 3 5 7 8 |  8.6
Ranged Weapons | 3 |  3.6
Stealth        | 4 5 6 8 |  8.1
Evocations     | 1 3 4 5 7 8 |  8.4
Invocations    | 1 3 6 7 8 |  8.3

Action                   |  1- 3 |  4- 6 |  7- 9 | 10-12 | 13-15 || total
-------------------------+-------+-------+-------+-------+-------++-------
Melee: Long sword        |    66 |       |    11 |       |       ||    77
       Bite              |    24 |    25 |    71 |   376 |   257 ||   753
       Dagger            |     5 |    68 |       |       |       ||    73
       Falchion          |       |    32 |   153 |    89 |    33 ||   307
       Rapier            |       |       |    54 |   819 |   125 ||   998
       Double sword      |       |       |       |    56 |   423 ||   479
 Fire: Sling             |       |    13 |     9 |       |       ||    22
Throw: Stone             |     1 |    13 |    28 |    83 |    28 ||   153
       Boomerang         |       |       |       |     6 |       ||     6
       Dart              |       |       |       |     5 |       ||     5
Invok: Minor Destruction |       |       |       |    50 |   125 ||   175
       Lesser Servant of |       |       |       |     2 |     6 ||     8
Evoke: Wand              |       |       |     3 |       |     2 ||     5
  Use: Scroll            |     1 |     5 |     5 |     4 |     8 ||    23
       Potion            |       |     1 |       |     1 |     1 ||     3
 Stab: Sleeping          |       |       |     3 |    15 |    18 ||    36
       Distracted        |       |       |       |     1 |     2 ||     3
       Paralysed         |       |       |       |       |     4 ||     4
Armor: Scale mail        |    30 |    29 |    41 |       |       ||   100
       Leather armour    |       |       |    35 |   104 |       ||   139
       Troll leather arm |       |       |       |    55 |    90 ||   145
Dodge: Dodged            |    32 |    41 |   116 |   376 |   239 ||   804
Block: Buckler           |    16 |    12 |    56 |   176 |   121 ||   381
